 Dungeon Crawl Stone Soup version 0.18.1-48-g4cf74bf (webtiles) character file.

77 Gartch2 the Sneak (level 4, -2/23 HPs)
             Began as a Spriggan Assassin on July 27, 2016.
             Killed by nerve-wracking pain
             ... invoked by an orc priest
              (12 damage)
             ... on level 3 of the Dungeon.
             The game lasted 00:17:20 (1792 turns).

Gartch2 the Sneak (Spriggan Assassin)               Turns: 1792, Time: 00:17:20

Health: -2/23      AC:  3    Str:  7    XL:     4   Next: 14%
Magic:  5/5        EV: 18    Int: 12    God:
Gold:   138        SH:  0    Dex: 18    Spells: 0 memorised, 3 levels left

rFire  . . .     SeeInvis +     a - +2 dagger
rCold  . . .     Gourm    .     c - +0 robe
rNeg   . . .     Faith    .     (shield restricted)
rPois  .         Spirit   .     (helmet restricted)
rElec  .         Dismiss  .     d - +0 cloak
rCorr  .         Reflect  .     (gloves unavailable)
SustAt .         Harm     .     (boots unavailable)
MR     .....                    (no amulet)
Stlth  ++++......               (no ring)
                                (no ring)

@: very quick, not resistant to hostile enchantments, stealthy
A: unfitting armour, see invisible, herbivore 3, speed 3, slow metabolism 2
a: no special abilities


You were on level 3 of the Dungeon.
You were not hungry.

You visited 1 branch of the dungeon, and saw 3 of its levels.

You collected 138 gold pieces.

Inventory:

Hand Weapons
 a - a +2 dagger (weapon)
 b - a +0 blowgun
Missiles
 e - 2 poisoned needles
 f - 2 curare-tipped needles
Armour
 c - a +0 robe (worn)
 d - a +0 cloak (worn)
Jewellery
 m - a cursed ring of protection from fire {unknown}
Scrolls
 h - a scroll of identify {unknown}
 o - a scroll of enchant armour {unknown}
 p - a scroll of immolation
Potions
 i - a potion of haste {unknown}
 k - a potion of cancellation {unknown}
 l - a potion of curing {unknown}
 n - a potion of mutation {unknown}
Comestibles
 g - a bread ration
 j - 8 fruits


   Skills:
 - Level 2.0 Fighting
 + Level 3.1 Short Blades
 - Level 2.0 Throwing
 + Level 3.1 Dodging
 + Level 6.9 Stealth


You had 3 spell levels left.
You didn't know any spells.

Dungeon Overview and Level Annotations

Branches:
Dungeon (3/15)

Altars:


Innate Abilities, Weirdness & Mutations

You are tiny and cannot use many weapons and most armour.
You have supernaturally acute eyesight.
You are a herbivore.
You cover ground extremely quickly.
You need consume almost no food.


Message History

The orc priest misses you.
You hit the orc priest.
The orc priest is heavily wounded.
The orc priest misses you.
You hit the orc priest but do no damage.
The orc priest is heavily wounded.
The orc priest barely misses you.
You hit the orc priest.
The orc priest is severely wounded.
The orc priest calls down the wrath of Beogh upon you.
Beogh smites you!
Ouch! That really hurt!
You closely miss the orc priest.
The orc priest is severely wounded.
You hit the orc priest.
The orc priest is almost dead.
The orc priest mumbles some strange prayers to Beogh against you.
Pain shoots through your body!
Ouch! That really hurt!
You die...

##### ....# .##.### #
.##...###### .#
.##........########.###.
.###.#####.....o@.......
####.### ##$...........#
...<...# ###..........#
####...# ##.........#
#.#.#### #..###...##
#.#..).#####.## .....
#.#.##o.o((o..# ....
#.#....####...# #..#
#.#....# ##..#


You could see an orc priest and an orc.

Vanquished Creatures
  2 adders (D:2)
  3 worms (D:2)
  3 dart slugs
  An orc (D:3)
  2 giant cockroaches (D:2)
  8 goblins
  2 hobgoblins
  A quokka (D:2)
  10 bats
  3 giant newts
  6 kobolds
  8 rats
49 creatures vanquished.

Notes
Turn   | Place    | Note
--------------------------------------------------------------
     0 | D:1      | Gartch2 the Spriggan Assassin began the quest for the Orb.
     0 | D:1      | Reached XP level 1. HP: 10/10 MP: 2/2
    63 | D:1      | Reached skill level 6 in Stealth
   282 | D:1      | Reached XP level 2. HP: 15/15 MP: 3/3
   726 | D:2      | Reached XP level 3. HP: 18/18 MP: 4/4
  1498 | D:2      | Reached XP level 4. HP: 23/23 MP: 5/5
  1792 | D:3      | Killed from afar by an orc priest

Skill      XL: |  1  2  3 |
---------------+----------+-----
Stealth        | 6 |  6.9
Dodging        | 2 3 |  3.1
Fighting       | 2 |  2.0
Short Blades   | 3 |  3.1
Throwing       | |  2.0

Action                   |  1- 3 |  4- 6 || total
-------------------------+-------+-------++-------
Melee: Dagger            |    80 |    10 ||    90
 Fire: Blowgun           |    64 |    20 ||    84
  Use: Scroll            |     2 |       ||     2
 Stab: Sleeping          |     9 |       ||     9
Armor: Robe              |    10 |     1 ||    11
Dodge: Dodged            |    58 |     5 ||    63
